 Dungeon Crawl Stone Soup version 0.31-a0-968-g24f9ace8b5 (webtiles) character file.

Game seed: 14401945765694158499

52 pokeman the Magician (level 3, -4/20 HPs)
             Began as a Deep Elf Hedge Wizard on Oct 28, 2023.
             Killed from afar by Ijyb (14 damage)
             ... with an iceblast
             ... on level 3 of the Dungeon.
             The game lasted 00:05:15 (2731 turns).

pokeman the Magician (Deep Elf Hedge Wizard)        Turns: 2731, Time: 00:05:16

Health: -4/20      AC:  3    Str:  7    XL:     3   Next: 60%
Magic:  11/20      EV: 12    Int: 20    God:
Gold:   80         SH:  0    Dex: 14    Spells: 4/12 levels left

rFire   . . .        a - +0 dagger
rCold   . . .        (no shield)
rNeg    . . .        b - +0 robe
rPois   .            c - +0 hat
rElec   .            g - +0 cloak
rCorr   .            (no gloves)
SInv    .            (no boots)
Will    .....        (no amulet)
Stlth   ++           l - ring of magical power
HPRegen 0.23/turn    (no ring)
MPRegen 0.17/turn

%: no passive effects
@: no status effects
A: no striking features
a: no special abilities


You were on level 3 of the Dungeon.
You visited 1 branch of the dungeon, and saw 3 of its levels.

You collected 80 gold pieces.

Inventory:

Hand Weapons
 a - a +0 dagger (weapon)
Armour
 b - a +0 robe (worn)
 c - a +0 hat (worn)
 g - a +0 cloak (worn)
Jewellery
 e - an amulet of faith
 l - a ring of magical power (left hand)
Scrolls
 i - 3 scrolls of identify {unknown}
 k - a scroll of fog {unknown}
Potions
 d - a potion of magic
 f - a potion of lignification {unknown}
 h - 2 potions of heal wounds {unknown}
 j - 2 potions of curing {unknown}


   Skills:
 - Level 1.0 Fighting
 - Level 1.0 Armour
 + Level 2.4 Dodging
 + Level 2.4 Stealth
 * Level 5.3 Spellcasting
 + Level 1.9 Conjurations
 - Level 1.1 Summonings
 - Level 1.1 Translocations


You had 4 spell levels left.
You knew the following spells:

 Your Spells              Type           Power      Damage    Failure   Level
a - Magic Dart            Conj           52%        1d5       4%          1
b - Mephitic Cloud        Conj/Pois/Air  7%         N/A       26%         3
c - Call Imp              Summ           18%        N/A       11%         2
d - Blink                 Tloc           18%        N/A       11%         2

Your spell library contained the following spells:

 Spells                   Type           Power      Damage    Failure   Level
 Slow                     Hex            20%        N/A       12%         1
 Sting                    Tmut/Pois      20%        1d4       12%         1
 Cigotuvi's Dreadful Rot  Necr/Pois/Air  10%        N/A       17%         2
 Poisonous Vapours        Pois/Air       10%        N/A       17%         2
 Olgreb's Toxic Radiance  Pois           5%         N/A       75%         4


Dungeon Overview and Level Annotations

Branches:
Dungeon (3/15)

Altars:

Shops:
D:2 (

Annotations:
D:3 Grinder, Ijyb


Message History

The iguana bites itself but does no damage.
You barely miss the iguana.
The kobold throws a stone.
The stone hits you.
* * * LOW HITPOINT WARNING * * *
Casting: Mephitic Cloud (extremely dangerous; 26% risk of failure)
Confirm with . or Enter, or press ? or * to list all spells.
Aiming: Magic Dart (safe; 4% risk of failure)
Press: ? - help, Shift-Dir - straight line, f - kobold
Aim: a kobold, wielding a +0 short sword and quivering stones (100% to hit)
The magic dart hits the kobold.
You kill the kobold!
You hear a splash. x2
Unknown command.
Unknown command.
A kobold comes into view. It is wielding a +0 dagger.
The iguana seems less confused.
The kobold throws a stone.
The stone closely misses you.
Casting: Magic Dart (safe; 4% risk of failure)
Confirm with . or Enter, or press ? or * to list all spells.
Aiming: Mephitic Cloud (extremely dangerous; 26% risk of failure)
Press: ? - help, Shift-Dir - straight line, f - iguana
Aim: an iguana (chance to affect: 86%)
The ball explodes into a vile cloud!
The stinking cloud engulfs the iguana but does no damage.
The stinking cloud engulfs you but does no damage.
You are engulfed in noxious fumes.
You choke on the stench!
You are confused.
The iguana is engulfed in noxious fumes.
The iguana appears confused.
Unknown command.
You feel less confused.
The iguana is engulfed in noxious fumes.
The iguana appears confused.
Casting: Mephitic Cloud (extremely dangerous; 26% risk of failure)
Confirm with . or Enter, or press ? or * to list all spells.
A tiny devil pulls itself out of the air.
You swap places.
Ijyb zaps a wand.
The mass of ice explodes!
The iceblast engulfs your cerulean imp! The iceblast engulfs you!
Ouch! That really hurt!
You die...

~≈≈≈. #......#.#.##.# #.
#.#<##.#.#)##.# #.
#........#.##.# #. ~~≈≈.. #.#
#...####.#.##.###. .~≈.P. ...
###.#.#....##..... ~~~~~.# ..
#....#.#...#####.. .~~~~.. ..
#...####.#.#####.#
.≈~P~..##......#.#......#.......#
~≈≈~P).........#@#############.##
~≈≈≈~.og#......#5# #......###.#
.)≈≈~~~.##....##.# #..........#
.P≈≈~≈..##K...##.# #....)..####
~P≈≈≈~~..#....##.# #.......#
~P≈≈≈≈...#K...##g# #......##
.~≈≈≈≈≈~..o...##.# ##......#
~~~~≈≈≈...##.###.###.......#
~~~~≈≈~~~..#.l.....#...##.##


You could see Ijyb (ally target) and a friendly cerulean imp (summoned).

Vanquished Creatures
  An adder (D:2)
  A worm (D:2)
  3 dart slugs
  An orc (D:3)
  An endoplasm (D:1)
  A giant cockroach (D:2)
  3 goblins
  3 hobgoblins
  4 quokkas
  3 ball pythons
  4 bats
  4 kobolds
  6 rats
35 creatures vanquished.

Notes
Turn   | Place    | Note
-------+----------+-------------------------------------------
     0 | D:1      | pokeman the Deep Elf Hedge Wizard began the quest for the
                  | Orb.
     0 | D:1      | Reached XP level 1. HP: 10/10 MP: 7/7
   460 | D:1      | Reached XP level 2. HP: 15/15 MP: 3/9
  1381 | D:2      | Reached skill level 5 in Spellcasting
  1505 | D:2      | Reached XP level 3. HP: 19/20 MP: 3/11
  1519 | D:2      | Learned a level 3 spell: Mephitic Cloud
  1522 | D:2      | Learned a level 2 spell: Call Imp
  1525 | D:2      | Learned a level 2 spell: Blink
  2102 | D:2      | Found Dawues's Antique Weapon Shop.
  2389 | D:3      | Noticed Grinder
  2402 | D:3      | Reached skill level 1 in Fighting
  2590 | D:3      | Reached skill level 1 in Armour
  2708 | D:3      | Noticed Ijyb
  2731 | D:3      | Killed from afar by Ijyb

Illustrated notes

Levels and vault maps discovered:
D:1:      dpeg_chamrin_arrival_tetris, layout_basic, serial_corexii_hall,
          corexii_hall_statues_x, corexii_hall_statues_i,
          corexii_hall_statues_x, corexii_hall_statues_x
D:2:      layout_basic, serial_shops, shop
D:3:      layout_basic, grunt_decor_arrowhead, eino_tiny_chamber,
          minmay_stone_trees_small, dreamdust_princess_bridge,
          chequers_big_river, minmay_misc_feat_tiny, uniq_ijyb, uniq_grinder

Skill      XL: |  1  2  3 |
---------------+----------+-----
Spellcasting   | 5 |  5.3
Fighting       | 1 |  1.0
Armour         | 1 |  1.0
Dodging        | |  2.4
Stealth        | |  2.4
Conjurations   | |  1.9
Summonings     | |  1.1
Translocations | |  1.1

Action                     || total
---------------------------++-------
  Melee: Dagger            ||    14
   Cast: Magic Dart        ||    82
         Mephitic Cloud    ||     3
         Call Imp          ||     2
   Stab: Confused          ||     2
 Armour: Robe              ||    17
  Dodge: Dodged            ||    16

Table legend: (Time is in decaauts)
 A = Elapsed time spent in this place.
 B = Non-inter-level travel time spent in this place.
 C = Inter-level travel time spent in this place.
 D = Time resting spent in this place.
 E = Time spent auto-exploring this place.
 F = Levels seen in this place.
 G = Mean time per level.
                   A        B        C        D        E       F      G
               +--------+--------+--------+--------+--------+-----+--------+
         Total |   2731 |   2633 |     98 |      0 |   2387 |   3 |  910.3 |
       Dungeon |   2731 |   2633 |     98 |      0 |   2387 |   3 |  910.3 |
               +--------+--------+--------+--------+--------+-----+--------+

Top non-repeatable levels by time:
     D:1: 1356 daAuts
     D:2: 1056 daAuts
     D:3: 318 daAuts
